 Dungeon Crawl Stone Soup version 0.30-a0-55-g90e3122c3a (webtiles) character file.

Game seed: 4490502561022552413

79 Decritt the Trooper (level 4, 0/31 HPs)
             Began as a Gargoyle Fighter on Sept 9, 2022.
             Killed by divine providence
             ... invoked by an orc priest
              (12 damage)
             ... on level 3 of the Dungeon.
             The game lasted 00:03:12 (2220 turns).

Decritt the Trooper (Gargoyle Fighter)              Turns: 2220, Time: 00:03:13

Health: 0/31       AC: 11    Str: 21    XL:     4   Next: 38%
Magic:  4/4        EV:  9    Int:  9    God:
Gold:   77         SH:  4    Dex:  9    Spells: 3/3 levels left

rFire   . . .      SeeInvis .    a - +1 flail
rCold   . . .      Faith    .    m - +0 buckler
rNeg    + + .      Spirit   .    b - +1 scale mail
rPois   ∞          Reflect  .    (no helmet)
rElec   +          Harm     .    (no cloak)
rCorr   .          Rampage  .    (no gloves)
Will    .....                    (no boots)
Stlth   ..........               (no amulet)
HPRegen 0.10/turn                i - ring of positive energy
MPRegen 0.09/turn                (no ring)

@: no status effects
A: sickness immunity, AC +3, negative energy resistance 1, electricity
resistance, torment resistance 1, petrification resistance
a: no special abilities


You were on level 3 of the Dungeon.
You visited 1 branch of the dungeon, and saw 3 of its levels.

You collected 77 gold pieces.

Inventory:

Hand Weapons
 a - a +1 flail (weapon)
Armour
 b - a +1 scale mail (worn)
 c - a +0 buckler
 m - a +0 buckler (worn)
Jewellery
 i - a ring of positive energy (left hand)
Scrolls
 e - 3 scrolls of enchant armour
 g - 2 scrolls of teleportation
 j - a scroll of immolation
 k - a scroll of silence
Potions
 d - a potion of might
 f - 2 potions of heal wounds {unknown}
 h - a potion of mutation {unknown}
 l - 2 potions of curing {unknown}
 n - a potion of invisibility {unknown}


   Skills:
 * Level 5.0 Fighting
 - Level 2.4 Maces & Flails
 + Level 3.7 Armour
 - Level 3.2 Shields


You had 3 spell levels left.
You didn't know any spells.
Your spell library contained the following spells:

 Spells                   Type           Power      Damage    Failure   Level
 Ignite Poison            Fire/Tmut/Pois 0%         N/A       99%         3
 Mephitic Cloud           Conj/Pois/Air  0%         N/A       99%         3
 Freezing Cloud           Conj/Ice/Air   0%         6-21      100%        5


Dungeon Overview and Level Annotations

Branches:
Dungeon (3/15)

Altars:


Innate Abilities, Weirdness & Mutations

You are immune to sickness and miasma.
Your stone body is resilient. (AC +3)
You are immune to poison.
You resist negative energy. (rN+)
You are resistant to electric shocks. (rElec)
You are resistant to unholy torment.
You are immune to petrification.


Message History

The orc priest calls down the wrath of Beogh upon you.
Beogh smites you!
The orc priest mumbles some strange prayers to Beogh against you.
Beogh smites you!
* * * LOW HITPOINT WARNING * * *
Things that are here:
a +0 falchion; 16 gold pieces; an orc corpse You hit the orc.
The orc is heavily wounded.
You block the orc's attack.
You hit the orc but do no damage.
The orc is heavily wounded.
The orc hits you but does no damage.
You closely miss the orc.
The orc is heavily wounded.
The orc closely misses you.
The orc priest hits you but does no damage. x2
The orc hits you but does no damage.
You hit the orc.
You kill the orc!
The orc priest hits you but does no damage.
Your Fighting skill increases to level 5!
You closely miss the orc priest. You block the orc priest's attack.
You barely miss the orc priest.
The orc priest calls down the wrath of Beogh upon you.
Pain shoots through your body!
* * * LOW HITPOINT WARNING * * *
The orc priest begins to cast a cantrip, but forgets the words!
You closely miss the orc priest. You block the orc priest's attack.
You hit the orc priest but do no damage.
The orc priest closely misses you.
You sock the orc priest!
The orc priest is severely wounded.
The orc priest miscasts a cantrip.
The orc priest looks encouraged for a moment.
You barely miss the orc priest.
The orc priest is severely wounded.
The orc priest mumbles some strange prayers to Beogh against you.
Beogh smites you!
You die...

... .. .... .... ....
#..... #..##...###
.....# #......... .....#
######.......# .....#
#...##.......##.
.....####...##..........
.....+..+...'....o......
.....##.#...##..@)......
.....##.#...##.###....##
................# .....
#######.#<####... ..##
.....##.#.# #..## .#
#######.#.# #..# #
..........# ##.#
#######.### .# # #.#


You could see an orc priest.

Vanquished Creatures
  2 adders (D:2)
  A shadow imp (D:3)
  An adder zombie (D:2)
  A worm (D:2)
  2 orcs (D:3)
  2 endoplasms
  4 giant cockroaches
  4 goblins (D:1)
  2 hobgoblins
  3 jackals (D:1)
  A kobold (D:2)
  3 quokkas (D:1)
  5 ball pythons
  3 bats (D:2)
  3 frilled lizards
  A jackal skeleton (D:2)
  A quokka zombie (D:2)
  6 rats
45 creatures vanquished.

Vanquished Creatures (others)
  A withered plant (D:2)
1 creature vanquished.

Grand Total: 46 creatures vanquished

Notes
Turn   | Place    | Note
-------+----------+-------------------------------------------
     0 | D:1      | Decritt the Gargoyle Fighter began the quest for the Orb.
     0 | D:1      | Reached XP level 1. HP: 14/14 MP: 1/1
   418 | D:1      | Reached XP level 2. HP: 18/20 MP: 2/2
   781 | D:1      | Reached skill level 4 in Fighting
  1012 | D:2      | Reached XP level 3. HP: 21/24 MP: 3/3
  1558 | D:2      | Reached XP level 4. HP: 27/30 MP: 4/4
  2215 | D:3      | Reached skill level 5 in Fighting
  2220 | D:3      | Killed from afar by an orc priest

Illustrated notes

Levels and vault maps discovered:
D:1:      dpeg_chamrin_arrival_tetris, layout_loops_ring
D:2:      wander_river, layout_loops_corners, serial_undead, serial_undead_d,
          serial_undead_e, serial_undead_b, serial_undead_e
D:3:      layout_basic, portal_sewer_entry_e,
          hellmonk_ecumenical_altar_watching_god

Skill      XL: |  1  2  3  4 |
---------------+-------------+-----
Fighting       | 4 5 |  5.0
Maces & Flails | |  2.4
Armour         | |  3.7
Shields        | |  3.2

Action                   |  1- 3 |  4- 6 || total
-------------------------+-------+-------++-------
Melee: Flail             |   112 |    49 ||   161
  Use: Scroll            |       |     7 ||     7
Armor: Scale mail        |    74 |    26 ||   100
Dodge: Dodged            |    61 |    16 ||    77
Block: Buckler           |    19 |     8 ||    27

Table legend: (Time is in decaauts)
 A = Elapsed time spent in this place.
 B = Non-inter-level travel time spent in this place.
 C = Inter-level travel time spent in this place.
 D = Time resting spent in this place.
 E = Time spent auto-exploring this place.
 F = Levels seen in this place.
 G = Mean time per level.
                   A        B        C        D        E       F      G
               +--------+--------+--------+--------+--------+-----+--------+
         Total |   2302 |   2230 |     72 |      0 |   1797 |   3 |  767.3 |
       Dungeon |   2302 |   2230 |     72 |      0 |   1797 |   3 |  767.3 |
               +--------+--------+--------+--------+--------+-----+--------+

Top non-repeatable levels by time:
     D:2: 1144 daAuts
     D:1: 1022 daAuts
     D:3: 135 daAuts
